Map: Acid Plant LE

Players

Chance

  • Race: Zerg Zerg
  • League: Gold
  • Spawn Location: 11:00

CinDra - Winner!

  • Race: Zerg Zerg
  • League: Gold
  • Spawn Location: 5:00

VOD

Have the link to the VOD?

Description

Time

  • Played on: March 5, 2018, 11:36 p.m.
  • Length: 13:09
Show
View Real Time Build Order
Export as new Build Order

Chance Zerg 

Build Orders: Pool First 

Get SALT Encoding   

  12  0:01  Drone  
  13  0:11  Drone  
  14  0:17  Overlord  
  14  0:34  Spawning Pool  
  13  0:38  Drone  
  14  0:44  Drone  
  14  0:47  Drone  
  16  0:58  Drone  
  17  1:05  Drone  
  17  1:10  Extractor  
  17  1:11  Drone  
  18  1:22  Queen  
  18  1:23  Zergling x2  
  21  1:37  Hatchery  
  21  1:39  Zergling x2  
  21  1:45  Zergling x2  
  22  2:04  Overlord  
  22  2:14  Metabolic Boost  
  22  2:23  Zergling x4  
  24  2:32  Drone  
  25  2:53  Zergling x8  
  29  3:06  Overlord x2  
  29  3:14  Overlord  
  29  3:24  Queen  
  31  3:27  Baneling Nest  
  31  3:34  Drone x5  
  35  3:47  Drone x4  
  39  4:02  Drone x2  
  41  4:09  Drone  
  43  4:10  Drone  
  43  4:12  Baneling x2  
  43  4:13  Baneling x2  
  43  4:24  Drone x4  
  46  4:25  Overlord  
  47  4:37  Extractor  
  47  4:38  Baneling  
  46  4:40  Hatchery  
  39  5:10  Drone x3  
  39  5:11  Drone x3  
  39  5:12  Baneling x3  
  45  5:17  Drone x2  
  47  5:39  Zergling x4  
  47  5:40  Zergling x4  
  48  5:44  Overlord  
  48  5:45  Overlord  
  48  5:55  Lair  
  48  5:59  Zergling x8  
  54  6:07  Zergling x2  
  54  6:08  Zergling x2  
  54  6:09  Baneling  
  54  6:10  Baneling x2  
  54  6:11  Baneling  
  56  6:15  Extractor  
  56  6:17  Extractor  
  54  6:22  Evolution Chamber  
  54  6:24  Evolution Chamber  
  52  6:31  Zergling x4  
  52  6:32  Zergling x10  
  48  6:44  Zergling x6  
  41  7:09  Drone x6  
  41  7:10  Drone  
  41  7:12  Baneling  
  41  7:13  Baneling x5, Hatchery  
  47  7:19  Hatchery  
  47  7:20  Drone x2  
  48  7:23  Queen  
  50  7:33  Zergling x4  
  52  7:45  Spire  
  52  7:46  Drone x2  
  52  7:47  Drone x3  
  52  7:50  Baneling x3  
  56  7:59  Zergling x6  
  56  8:29  Drone x2  
  56  8:30  Drone x4  
  56  8:33  Drone x2  
  64  8:34  Queen  
  66  8:47  Drone  
  66  8:48  Drone x4  
  71  8:54  Extractor  
  70  8:59  Mutalisk x3, Corruptor  
  78  9:02  Hatchery  
  77  9:10  Queen  
  77  9:13  Extractor  
  77  9:15  Extractor  
  77  9:23  Mutalisk x5  
  86  9:51  Drone  
  87  10:01  Overlord x7  
  87  10:06  Baneling x2  
  87  10:07  Baneling x7  
  87  10:10  Overlord  
  87  10:11  Overlord x2  
  87  10:14  Mutalisk  
  89  10:23  Zerg Melee Weapons Level 1  
  89  10:24  Zerg Ground Armor Level 1  
  89  10:35  Mutalisk x4  
  97  10:53  Mutalisk x2  
  101  10:59  Drone x5  
  101  11:00  Drone x7  
  113  11:11  Mutalisk  
  113  11:26  Mutalisk  
  113  11:27  Zergling x2, Overlord, Drone x3  
  113  11:28  Zergling x16  
  118  12:00  Zergling x6  
  118  12:01  Zergling x14  
  107  12:02  Zergling x10  
  107  12:07  Queen  
  111  12:09  Drone x3  
  114  12:19  Mutalisk x4  
  120  12:29  Mutalisk  
  111  12:41  Hatchery  
  105  12:49  Hatchery  
Show
View Real Time Build Order
Export as new Build Order

CinDra Zerg - Winner!

Build Orders: Hatch First 

Get SALT Encoding   

  12  0:01  Drone  
  13  0:13  Overlord  
  13  0:17  Drone  
  14  0:32  Drone x2  
  16  0:36  Drone  
  17  0:53  Hatchery  
  16  0:57  Drone  
  16  0:59  Drone  
  16  1:03  Extractor  
  17  1:15  Spawning Pool  
  17  1:18  Drone  
  17  1:22  Drone  
  18  1:29  Drone  
  19  1:40  Drone  
  20  1:50  Overlord  
  20  2:02  Queen  
  20  2:05  Queen  
  20  2:06  Zergling x4  
  26  2:10  Metabolic Boost  
  26  2:19  Drone x2  
  28  2:23  Zergling x2  
  29  2:33  Drone  
  29  2:34  Drone  
  31  2:45  Zergling x4  
  30  3:04  Zergling x4  
  30  3:05  Zergling x2  
  32  3:06  Zergling x2  
  32  3:09  Queen  
  35  3:16  Zergling x2  
  35  3:18  Overlord x4  
  36  3:44  Zergling x2  
  36  3:45  Zergling x12  
  43  3:53  Drone x4  
  47  4:01  Zergling x2  
  48  4:12  Hatchery  
  48  4:14  Drone x3  
  50  4:18  Baneling Nest  
  49  4:31  Queen  
  49  4:32  Drone  
  49  4:33  Drone x4  
  36  5:07  Zergling x2  
  36  5:08  Zergling x12  
  43  5:17  Zergling x2  
  44  5:26  Zergling x8  
  44  5:27  Zergling x2  
  44  5:28  Drone x3  
  52  5:32  Baneling x3  
  52  5:33  Baneling x2  
  52  5:55  Drone  
  52  5:56  Drone x10  
  63  5:57  Queen  
  63  6:03  Drone x4  
  69  6:07  Extractor  
  69  6:10  Extractor  
  69  6:11  Extractor  
  66  6:12  Drone  
  66  6:13  Drone  
  66  6:17  Extractor  
  67  6:22  Extractor  
  56  6:58  Drone x8  
  56  6:59  Drone x7  
  68  7:05  Evolution Chamber, Roach Warren  
  68  7:06  Evolution Chamber  
  65  7:36  Drone  
  67  7:37  Drone x3  
  67  7:38  Drone x5  
  67  7:39  Overlord x4  
  67  7:40  Overlord  
  74  7:47  Lair  
  74  7:49  Zerg Missile Weapons Level 1, Zerg Ground Armor Level 1  
  74  7:54  Overlord x4  
  74  7:55  Overlord x2  
  74  8:04  Zergling x2  
  74  8:05  Zergling x2  
  76  8:06  Zergling x2  
  77  8:14  Zergling x2  
  77  8:15  Zergling x12  
  77  8:17  Pneumatized Carapace  
  81  8:34  Roach x6  
  93  8:46  Roach  
  93  8:47  Roach x4  
  103  9:00  Queen  
  105  9:08  Hatchery  
  106  9:10  Roach x9  
  122  9:30  Roach x9  
  141  9:53  Zerg Missile Weapons Level 2, Zerg Ground Armor Level 2  
  141  9:54  Hydralisk Den  
  140  10:08  Hatchery  
  140  10:13  Roach  
  140  10:14  Overlord, Roach x10  
  161  10:15  Overlord x3  
  161  10:20  Overlord  
  161  10:21  Overlord x2  
  161  10:27  Centrifical Hooks  
  161  10:29  Glial Reconstitution  
  161  10:32  Grooved Spines  
  161  10:38  Hydralisk  
  161  10:39  Hydralisk x6  
  175  10:52  Drone  
  175  10:54  Infestation Pit  
  175  11:01  Hydralisk x6  
  185  11:26  Queen  
  185  11:28  Hydralisk x4  
  185  11:29  Hydralisk x2  
  199  11:35  Drone  
  200  11:44  Muscular Augments  
  174  12:01  Hydralisk  
  174  12:02  Hydralisk x12  
  190  12:18  Hydralisk x6  
  190  12:37  Hydralisk  
  190  12:38  Hydralisk x5  
Tags
 
Add a new tag
Caveats
  • Supply blocks, unpowered buildings, or Contaminate may cause inaccurate times.
  • Supply counts are checked every 10 seconds.